 Dungeon Crawl Stone Soup version 0.32-a0-818-gb728d0252e (webtiles) character file.

Game seed: 5438857708191974385

308 greenreed the Vexing (level 6, -3/47 HPs)
             Began as a Coglin Hexslinger on Mar 23, 2024.
             Was a Believer of Qazlal.
             Succumbed to a kobold brigand's curare-tipped dart
             ... in a sewer.
             The game lasted 00:07:26 (2333 turns).

greenreed the Vexing (Coglin Hexslinger)            Turns: 2333, Time: 00:07:26

Health: -3/47      AC:  2    Str:  8    XL:     6   Next: 40%
Magic:  9/9        EV: 12    Int: 12    God:    Qazlal [**....]
Gold:   76         SH:  2    Dex: 19    Spells: 9/9 levels left

rFire   . . .        i - +2 sling (drain) {Fatehjeet}
rCold   . . .        a - +1 sling {Junzo}
rNeg    . . .        c - +0 robe
rPois   .            (no helmet)
rElec   .            (no cloak)
rCorr   .            (no gloves)
SInv    .            (no boots)
Will    .....        (amulet unavailable)
Stlth   +            (ring unavailable)
HPRegen 0.27/turn    (ring unavailable)
MPRegen 0.11/turn    (no gizmo)

%: no passive effects
@: lethally poisoned (-3 -> -25), slowed, revving, very slow
A: off-hand wielding, slow wielding, warmup strikes, no jewellery
a: Invent Gizmo, Renounce Religion, Upheaval


You were in a sewer.
You worshipped Qazlal.
Qazlal was pleased with you.
You visited 1 branch of the dungeon, and saw 3 of its levels.
You also visited: Sewer.

You collected 76 gold pieces.

Inventory:

Hand Weapons
 a - a +1 sling (offhand) {Junzo}
 i - a +2 sling of draining (weapon) {Fatehjeet}
Armour
 c - a +0 robe (worn)
Scrolls
 d - a scroll of torment {unknown}
 f - a scroll of teleportation {unknown}
 g - a scroll of identify {unknown}
 h - a scroll of fear {unknown}
 k - a scroll of immolation {unknown}
Potions
 j - a potion of curing {unknown}
 l - a potion of cancellation {unknown}
 m - 2 potions of might {unknown}
 n - a potion of magic {unknown}
 o - 2 potions of mutation {unknown}


   Skills:
 * Level 3.2 Fighting
 * Level 3.3 Ranged Weapons
 + Level 2.7 Dodging
 + Level 2.1 Spellcasting
 + Level 3.4 Hexes
 - Level 0.9 Fire Magic


You had 9 spell levels left.
You didn't know any spells.
Your spell library contained the following spells:

 Spells                   Type           Power      Damage    Failure   Level
 Jinxbite                 Hex            18%        N/A       10%         2
 Sigil of Binding         Hex            9%         N/A       21%         3
 Inner Flame              Hex/Fire       6%         N/A       32%         3
 Cause Fear               Hex            4%         N/A       54%         4
 Dimensional Bullseye     Hex/Tloc       2%         N/A       78%         4


Dungeon Overview and Level Annotations

Branches:
Dungeon (3/15)              Sewer (1/1)

Altars:
Qazlal

Shops:
D:3 ([


Innate Abilities, Weirdness & Mutations

You can wield a second weapon in your off-hand.
It takes a long time for you to wield or remove held weapons.
Your first few attacks do less damage.
You cannot equip rings or amulets.


Message History

The curare-tipped dart closely misses you.
The kobold brigand throws a curare-tipped dart.
The curare-tipped dart hits you.
You are lethally poisoned!
You have difficulty breathing.
You feel as though you will be slow longer.
Unknown command.
Unknown command.
* * * LOW HITPOINT WARNING * * *
You feel extremely sick.
You feel much better.
You feel extremely sick.
The kobold brigand throws a curare-tipped dart.
The curare-tipped dart hits you.
You are lethally poisoned!
You have difficulty breathing.
* * * LOW HITPOINT WARNING * * *
You feel as though you will be slow longer.
Unknown command.
You feel much better.
You feel extremely sick.
The kobold brigand throws a curare-tipped dart.
The curare-tipped dart hits you.
You are lethally poisoned!
You have difficulty breathing.
You feel as though you will be slow longer.
Okay, then.
Fire: i) +2 sling (drain) {Fatehjeet}
Press: ? - help, Q - select action, (/) - cycle Shift-Dir - straight line, f - kobold brigand, p - kobold
Aim: a kobold brigand, wielding a +0 short sword and quivering curare-tipped darts (56% to hit)
You shoot a sling bullet.
The sling bullet hits the kobold brigand.
The kobold brigand is lightly wounded.
You shoot a sling bullet.
The sling bullet closely misses the kobold brigand.
* * * LOW HITPOINT WARNING * * *
You feel extremely sick.
Unknown command.
Unknown command.
You die...

#...##..†≈≈.......####
#...###..≈≈≈......##
##...##..≈≈≈.......#
#...#..≈≈≈≈.......##
##.....≈≈≈≈≈.......#
#†....≈≈≈≈≈.......#
##○○○.○≈≈≈≈≈.......#
##☼.☼☼.○≈≈≈≈≈≈.....##
#○§.§☼@≈≈≈≈≈≈≈....##
#..°§°#≈≈≈≈≈≈≈....#
#.○..##≈≈≈≈≈≈≈....##
#..°☼#≈≈≈≈≈≈≈≈.....#
##○°§..≈≈≈≈≈≈≈≈.....#
#KKK§§.≈≈≈≈≈≈≈≈....##
#☼KK°○≈≈≈≈≈≈≈≈≈..).#
###'###≈#≈#≈####)###
.). #≈#≈#≈#.....#


You could see a kobold brigand and 4 kobolds.

Vanquished Creatures
  A kobold brigand (Sewer)
  6 adders
  8 river rats
  5 ribbon worms
  2 dart slugs (D:1)
  An orc (D:3)
  3 bats
  5 endoplasms
  5 giant cockroaches
  6 goblins
  4 hobgoblins
  6 jackals
  12 kobolds
  2 quokkas (D:1)
  12 ball pythons
  2 frilled lizards (D:1)
  26 rats
106 creatures vanquished.

Notes
Turn   | Place    | Note
-------+----------+-------------------------------------------
     0 | D:1      | greenreed the Coglin Hexslinger began the quest for the
                  | Orb.
     0 | D:1      | Reached XP level 1. HP: 15/15 MP: 2/2
   135 | D:1      | Reached XP level 2. HP: 21/21 MP: 3/3
   490 | D:1      | Reached XP level 3. HP: 26/26 MP: 4/4
  1596 | D:2      | Found a stormy altar of Qazlal.
  1599 | D:2      | Reached XP level 4. HP: 33/33 MP: 6/6
  1605 | D:2      | Became a worshipper of Qazlal Stormbringer
  1759 | D:3      | Found Ynoturchu's Weapon Shop.
  1844 | D:3      | Found Ywiacic's Antique Armour Boutique.
  1952 | D:3      | Reached XP level 5. HP: 36/39 MP: 7/7
  2006 | D:3      | Found a glowing drain.
  2014 | Sewer    | Entered a sewer
  2037 | Sewer    | Reached * piety under Qazlal
  2117 | Sewer    | Noticed a kobold brigand
  2124 | Sewer    | Killed a kobold brigand
  2125 | Sewer    | Reached XP level 6. HP: 40/47 MP: 7/9
  2256 | Sewer    | Reached ** piety under Qazlal
  2333 | Sewer    | Succumbed to a kobold brigand's curare-tipped dart

Illustrated notes

Levels and vault maps discovered:
D:1:      spicycebolla_arrival_xxxplode, layout_basic
D:2:      layout_basic, basic_altar
D:3:      layout_loops_cross, lightli_sewer_entry_pipes, serial_shops, shop,
          nicolae_shop_tiny_waterfront
Sewer:    sewer_minmay_treatment

Skill      XL: |  1  2  3  4  5 |
---------------+----------------+-----
Ranged Weapons | 2 3 |  3.3
Dodging        | 2 |  2.7
Fighting       | 2 3 |  3.2
Hexes          | 3 |  3.4
Spellcasting   | 2 |  2.1
Fire Magic     | |  0.9

Action                     |  1- 3 |  4- 6 || total
---------------------------+-------+-------++-------
   Fire: Sling             |   164 |   224 ||   388
    Use: Potion            |       |     3 ||     3
         Scroll            |       |     1 ||     1
 Armour: Robe              |    20 |    13 ||    33
  Dodge: Dodged            |     8 |    21 ||    29
  Block: Other             |       |     1 ||     1

Table legend: (Time is in decaauts)
 A = Elapsed time spent in this place.
 B = Non-inter-level travel time spent in this place.
 C = Inter-level travel time spent in this place.
 D = Time resting spent in this place.
 E = Time spent auto-exploring this place.
 F = Levels seen in this place.
 G = Mean time per level.
                   A        B        C        D        E       F      G
               +--------+--------+--------+--------+--------+-----+--------+
         Total |   2416 |   2239 |    177 |      0 |   1790 |   4 |  604.0 |
       Dungeon |   2077 |   1900 |    177 |      0 |   1556 |   3 |  692.3 |
         Sewer |    338 |    338 |      0 |      0 |    234 |   1 |  338.0 |
               +--------+--------+--------+--------+--------+-----+--------+

Top non-repeatable levels by time:
     D:1: 959 daAuts
     D:2: 777 daAuts
     D:3: 340 daAuts
   Sewer: 338 daAuts
